 Dungeon Crawl Stone Soup version 0.30-a0-722-g3e6e8c874d (webtiles) character file.

Game seed: 16952062203952927393

342 jimonade the Cutter (level 6, -2/30 HPs)
             Began as a Vine Stalker Brigand on Jan 28, 2023.
             Killed by divine providence
             ... invoked by an orc priest
              (13 damage)
             ... on level 4 of the Dungeon.
             The game lasted 00:05:39 (2870 turns).

jimonade the Cutter (Vine Stalker Brigand)          Turns: 2870, Time: 00:05:40

Health: -2/30      AC:  5    Str: 13    XL:     6   Next: 57%
Magic:  0/7        EV: 11    Int: 11    God:
Gold:   152        SH:  0    Dex: 18    Spells: 5/5 levels left

rFire   . . .      SeeInvis .    a - +2 dagger
rCold   . . .      Faith    .    (no shield)
rNeg    . . .      Spirit   +    b - +0 robe
rPois   .          Reflect  .    m - +0 helmet
rElec   .          Harm     .    c - +0 cloak
rCorr   .          Rampage  .    v - +0 pair of gloves
Will    .....                    (no boots)
Stlth   +++                      (no amulet)
HPRegen 1.05/turn                (no ring)
MPRegen 0.10/turn                (no ring)

@: no status effects
A: fangs 2, regeneration 1, magic shield, antimagic bite, no potion heal 2
a: no special abilities


You were on level 4 of the Dungeon.
You visited 1 branch of the dungeon, and saw 4 of its levels.

You collected 152 gold pieces.

Inventory:

Hand Weapons
 a - a +2 dagger (weapon)
 j - a +0 dagger
 B - a +0 rapier
Missiles
 d - 13 poisoned darts (quivered)
 e - 3 curare-tipped darts
Armour
 b - a +0 robe (worn)
 c - a +0 cloak (worn)
 h - a +0 ring mail
 i - a +0 leather armour
 m - a +0 helmet (worn)
 v - a +0 pair of gloves (worn)
Magical Staves
 A - a staff of air
Wands
 s - a wand of quicksilver (7)
Scrolls
 f - a scroll of fog {unknown}
 k - a scroll of amnesia {unknown}
 l - a scroll of enchant weapon {unknown}
 p - 2 scrolls of silence {unknown}
 q - 4 scrolls of blinking {unknown}
 r - 2 scrolls of identify {unknown}
 u - a scroll of fear {unknown}
 x - a scroll of vulnerability {unknown}
 y - 2 scrolls of teleportation {unknown}
 C - a scroll of magic mapping {unknown}
Potions
 g - a potion of flight {unknown}
 n - 3 potions of attraction {unknown}
 o - a potion of heal wounds {unknown}
 t - a potion of lignification {unknown}
 w - 2 potions of mutation {unknown}
 z - 2 potions of resistance {unknown}


   Skills:
 - Level 1.7 Fighting
 + Level 6.2 Short Blades
 - Level 1.7 Throwing
 - Level 0.7 Dodging
 - Level 4.8 Stealth


You had 5 spell levels left.
You didn't know any spells.
Your spell library contained the following spells:

 Spells                   Type           Power      Damage    Failure   Level
 Magic Dart               Conj           0%         1d3       34%         1
 Call Imp                 Summ           0%         N/A       47%         2
 Cigotuvi's Dreadful Rot  Necr/Pois/Air  0%         N/A       47%         2
 Poisonous Vapours        Pois/Air       0%         N/A       47%         2
 Dazzling Flash           Conj/Hex       0%         N/A       71%         3
 Mephitic Cloud           Conj/Pois/Air  0%         N/A       71%         3
 Iskenderun's Mystic Bla  Conj/Tloc      0%         2d3       98%         4
 Starburst                Conj/Fire      0%         6d3       100%        6


Dungeon Overview and Level Annotations

Branches:
Dungeon (4/15)
 Temple: D:4-7

Altars:
Cheibriados
Zin


Innate Abilities, Weirdness & Mutations

You have extremely sharp teeth.
Your natural rate of healing is unusually fast.
When hurt, damage is shared between your health and your magic reserves.
Your bite disrupts and absorbs the magic of your enemies.
Potions cannot restore your health.


Message History

The orc is almost dead.
The orc barely misses you.
You hit the orc.
You kill the orc!
You see here a +0 flail.
An orc comes into view. It is wielding a +0 club.
The orc shouts!
The orc priest shouts!
You hear a shout!
The orc barely misses you.
You completely miss the orc.
The orc shouts!
Your bite misses the orc.
You hear a shout!
The orc misses you.
You hit the orc.
The orc is moderately wounded.
You hit the orc.
The orc is heavily wounded.
The orc closely misses you. The orc priest barely misses you.
You hit the orc priest.
The orc priest is moderately wounded.
The orc hits you with a +0 war axe.
The orc priest miscasts a cantrip.
You hit the orc priest.
The orc priest is heavily wounded.
You hit the orc priest.
The orc priest is severely wounded.
The orc priest invokes the aid of Beogh against you.
Pain shoots through your body! The orc hits you with a +0 war axe!
You closely miss the orc priest. Your bite misses the orc priest.
The orc priest is severely wounded.
The orc barely misses you. The orc hits you but does no damage.
The orc priest hits you with a +0 short sword.
You closely miss the orc priest. Your bite misses the orc priest.
The orc priest is severely wounded.
You hit the orc priest. Your bite misses the orc priest.
The orc priest is almost dead.
The orc barely misses you. The orc hits you but does no damage.
The orc priest invokes the aid of Beogh against you.
Beogh smites you!
You die...

...####...........
#................
#..........#.#.#
#######.##.........#.#
######...........#.(..###.#
###.........#..##.####....#.##
#...o.......#..........##.....
.#........oo...##.#######....
####...####@.....# ####....
#.....o.ooo.....####....)..
#....##..#########.......#....
#.### #.... ....###......#####
..........8...8..##......#
#.................$#......#
#.................⌠#......#
#.......?.........$#......#
##..........8...8..##......#


You could see an orc priest and 5 orcs.

Vanquished Creatures
  An ogre (D:4)
  A hound (D:4)
  Natasha (thrice) (D:2)
  3 adders
  A white imp (D:3)
  3 dart slugs
  14 orcs
  4 ball pythons
  6 bats
  10 endoplasms
  A giant cockroach (D:3)
  6 goblins
  7 hobgoblins
  9 jackals
  4 quokkas
  4 frilled lizards
  7 kobolds
  7 rats
91 creatures vanquished.

Notes
Turn   | Place    | Note
-------+----------+-------------------------------------------
     0 | D:1      | jimonade the Vine Stalker Brigand began the quest for the
                  | Orb.
     0 | D:1      | Reached XP level 1. HP: 11/11 MP: 2/2
    37 | D:1      | Reached skill level 2 in Short Blades
    97 | D:1      | Reached XP level 2. HP: 15/15 MP: 3/3
   372 | D:1      | Reached skill level 3 in Short Blades
   387 | D:1      | Reached XP level 3. HP: 15/18 MP: 4/4
  1173 | D:2      | Gained mutation: Your natural rate of healing is unusually
                  | fast. [Vine Stalker growth]
  1173 | D:2      | Reached XP level 4. HP: 18/23 MP: 3/5
  1198 | D:2      | Reached skill level 4 in Short Blades
  1275 | D:2      | Noticed Natasha
  1289 | D:2      | Killed Natasha
  1326 | D:2      | Noticed Natasha
  1338 | D:2      | Killed Natasha
  1339 | D:2      | Reached XP level 5. HP: 20/26 MP: 6/6
  1380 | D:2      | Noticed Natasha
  1387 | D:2      | Killed Natasha
  1587 | D:3      | Reached skill level 5 in Short Blades
  1764 | D:3      | Found a glowing silver altar of Zin.
  1976 | D:3      | Found a snail-covered altar of Cheibriados.
  2625 | D:4      | Noticed an ogre
  2638 | D:4      | Killed an ogre
  2639 | D:4      | Reached skill level 6 in Short Blades
  2639 | D:4      | Reached XP level 6. HP: 10/30 MP: 1/7
  2870 | D:4      | Killed from afar by an orc priest

Illustrated notes

Levels and vault maps discovered:
D:1:      psy_arrival_statuary, layout_basic
D:2:      layout_basic, ebering_dispersal_statue_hall, uniq_natasha
D:3:      layout_basic, mainiacjoe_overflow_cross_hatched,
          nicolae_overflow_crystal_walls, minmay_quantized
D:4:      cheibrodos_pilgrimage, layout_rooms, marbit_many_paths,
          kennysheep_mini, nzn_wu_jian_council_hall, dreamdust_mushroom_princess

Skill      XL: |  1  2  3  4  5 |
---------------+----------------+-----
Short Blades   | 2 3 4 6 |  6.2
Fighting       | |  1.7
Throwing       | |  1.7
Dodging        | |  0.7
Stealth        | |  4.8

Action                     |  1- 3 |  4- 6 || total
---------------------------+-------+-------++-------
  Melee: Dagger            |   122 |   154 ||   276
         Bite              |    33 |    40 ||    73
         Punch             |       |     2 ||     2
   Stab: Sleeping          |     6 |     6 ||    12
 Armour: Robe              |    37 |    29 ||    66
  Dodge: Dodged            |    57 |    59 ||   116

Table legend: (Time is in decaauts)
 A = Elapsed time spent in this place.
 B = Non-inter-level travel time spent in this place.
 C = Inter-level travel time spent in this place.
 D = Time resting spent in this place.
 E = Time spent auto-exploring this place.
 F = Levels seen in this place.
 G = Mean time per level.
                   A        B        C        D        E       F      G
               +--------+--------+--------+--------+--------+-----+--------+
         Total |   2827 |   2645 |    182 |    100 |   1826 |   4 |  706.8 |
       Dungeon |   2827 |   2645 |    182 |    100 |   1826 |   4 |  706.8 |
               +--------+--------+--------+--------+--------+-----+--------+

Top non-repeatable levels by time:
     D:3: 1039 daAuts
     D:1: 936 daAuts
     D:2: 605 daAuts
     D:4: 247 daAuts
